 Dungeon Crawl Stone Soup version 0.28-a0-265-g048bc9fd10 (webtiles) character file.

Game seed: 10755260443943727474

33478 pokeman the Eclecticist (level 13, -2/72 HPs)
             Began as a Deep Elf Hedge Wizard on Aug 26, 2021.
             Was an Elder of Vehumet.
             Killed from afar by a shock serpent (13 damage)
             ... with an electric aura
             ... on level 1 of the Snake Pit on Aug 27, 2021.
             The game lasted 01:06:37 (22076 turns).

pokeman the Eclecticist (Deep Elf Hedge Wizard)    Turns: 22076, Time: 01:06:37

Health: -2/72      AC:  9    Str: 12    XL:     13   Next: 37%
Magic:  29/37      EV: 12    Int: 31    God:    Vehumet [****..]
Gold:   2869       SH:  5    Dex: 14    Spells: 18/48 levels left

rFire   . . .      SeeInvis .   d - staff of conjuration
rCold   . . .      Faith    .   e - +0 buckler
rNeg    . . .      Spirit   .   U - +0 troll leather armour
rPois   .          Reflect  .   c - +0 hat
rElec   .          Harm     .   w - +2 cloak of the Hall of Blades {Str+2 Stlth+}
rCorr   .          Rampage  .   (no gloves)
Will    ++...                   L - +0 pair of boots {Stlth+}
Stlth   ++++......              E - amulet of the acrobat
HPRegen 1.22/turn               f - +6 ring of intelligence
MPRegen 0.25/turn               K - ring of Ogyras {Will+ Str+3}

@: no status effects
A: no striking features
a: Renounce Religion


You were on level 1 of the Snake Pit.
You worshipped Vehumet.
Vehumet was greatly pleased with you.
You visited 4 branches of the dungeon, and saw 17 of its levels.
You also visited: Bailey and Volcano.

You collected 2869 gold pieces.

Inventory:

Hand Weapons
 o - a +2 arbalest of flaming
Missiles
 a - 84 bolts
Armour
 c - a +0 hat (worn)
 e - a +0 buckler (worn)
 u - +0 fire dragon scales
 w - the +2 cloak of the Hall of Blades (worn) {Str+2 Stlth+}
   (You found it on level 3 of the Lair of Beasts)

   Str:       It affects your strength (+2).
   Stlth:     It makes you more stealthy.
 L - a +0 pair of boots of stealth (worn)
 U - a +0 troll leather armour (worn)
Magical Staves
 d - a staff of conjuration (weapon)
Jewellery
 f - a +6 ring of intelligence (left hand)
 g - a ring of protection from cold
 r - a ring of see invisible
 E - an amulet of the acrobat (around neck)
 K - the ring of Ogyras (right hand) {Will+ Str+3}
   (You found it on level 7 of the Dungeon)

   [ring of willpower]

   Str:       It affects your strength (+3).
   Will:      It increases your willpower.
 O - a ring of protection from cold
Wands
 V - a wand of iceblast (11)
Scrolls
 h - 4 scrolls of teleportation
 v - a scroll of blinking
 F - a scroll of amnesia {unknown}
 I - a scroll of enchant weapon {unknown}
 M - 4 scrolls of noise {unknown}
 N - a scroll of enchant armour {unknown}
 S - a scroll of immolation {unknown}
 T - a scroll of fear {unknown}
Potions
 n - 3 potions of curing
 C - 3 potions of attraction {unknown}
 G - 3 potions of degeneration {unknown}
 H - a potion of haste {unknown}
 Q - a potion of invisibility {unknown}
 W - a potion of experience {unknown}


   Skills:
 + Level 5.2 Fighting
 - Level 5.0 Armour
 - Level 3.0 Dodging
 - Level 3.0 Stealth
 - Level 4.0 Shields
 * Level 18.0 Spellcasting
 + Level 11.3 Conjurations
 + Level 10.1 Summonings
 - Level 1.2 Necromancy
 - Level 1.1 Translocations
 - Level 4.4 Fire Magic
 - Level 1.0 Air Magic
 - Level 1.1 Poison Magic
 - Level 1.1 Evocations


You had 18 spell levels left.
You knew the following spells:

 Your Spells              Type           Power      Damage    Failure   Level
a - Magic Dart            Conj           100%       1d8       0%          1
b - Mephitic Cloud        Conj/Pois/Air  71%        N/A       1%          3
c - Call Imp              Summ           74%        N/A       1%          2
d - Blink                 Tloc           N/A        N/A       1%          2
e - Conjure Flame         Conj/Fire      86%        6-21      1%          3
f - Shock                 Conj/Air       100%       1d9       1%          1
g - Fireball              Conj/Fire      43%        3d17      1%          5
h - Shadow Creatures      Summ           N/A        N/A       4%          6
i - Orb of Destruction    Conj           49%        9d15      4%          7

Your spell library contained the following spells:

 Spells                   Type           Power      Damage    Failure   Level
 Ignite Poison            Fire/Tmut/Pois 39%        N/A       1%          3
 Hailstorm                Conj/Ice       76%        3d16      1%          4
 Iskenderun's Battlesphe  Conj           99%        2d15      1%          5
 Ensorcelled Hibernation  Hex/Ice        56%        N/A       2%          2
 Slow                     Hex            28%        N/A       2%          2
 Gell's Gravitas          Tloc           17%        N/A       3%          3
 Lesser Beckoning         Tloc           17%        N/A       3%          3
 Teleport Other           Tloc           34%        N/A       3%          3
 Spider Form              Tmut/Pois      15%        N/A       4%          3
 Conjure Ball Lightning   Conj/Air       39%        3x3d13    6%          6
 Ice Form                 Ice/Tmut       28%        N/A       19%         4
 Dispersal                Tloc           17%        N/A       87%         6
 Simulacrum               Ice/Necr       15%        N/A       91%         6


Dungeon Overview and Level Annotations

Branches:
Dungeon (11/15)            Temple (1/1) D:5            Lair (4/6) D:10
 Shoals (0/4) Lair:4        Snake (1/4) Lair:2       Bailey (visited)
Volcano (visited)
    Orc: D:9-12

Altars:
Ashenzari
Cheibriados
Dithmenos
Elyvilon
Fedhas
Gozag
Kikubaaqudgha
Makhleb
Nemelex Xobeh
Qazlal
Sif Muna
Trog
Uskayaw
Vehumet
Wu Jian
Xom
Zin

Shops:
D:1 (   D:7 (

Annotations:
Lair:1 2 transporters, Sekkong's ghost, journeyman MiBe


Message History

The fireball engulfs the naga!
The naga is heavily wounded.
Unknown command.
Casting: Fireball (dangerous; 1% risk of failure)
Confirm with . or Enter, or press ? or * to list all spells.
Okay, then.
Unknown command.
Aiming: Iceblast
Press: ? - help, Shift-Dir - straight line, f - naga
Aim: a naga, wielding a +0 glaive and wearing a +0 robe (heavily wounded, strong)
The mass of ice explodes!
The iceblast engulfs the naga!
The naga is almost dead.
You hear an angry hiss.
You hear a shout!
Aiming: Iceblast
Press: ? - help, Shift-Dir - straight line, f/p - naga
Aim: a naga, wielding a +0 glaive and wearing a +0 robe (almost dead, strong)
The mass of ice explodes!
The iceblast engulfs the naga.
You kill the naga!
Vehumet accepts your kill.
You feel your power returning.
A naga comes into view. It is wielding a +4 glaive.
A naga comes into view. It is wielding a +0 battleaxe.
A shock serpent comes into view.
You see here a guardian serpent corpse.
Magic courses through your body. The naga spits poison at you.
The splash of poison misses you.
Unknown command.
Casting: Fireball (dangerous; 1% risk of failure)
Confirm with . or Enter, or press ? or * to list all spells.
Aiming: Fireball (dangerous; 1% risk of failure)
Press: ? - help, Shift-Dir - straight line, f - naga
Aim: a naga, wielding a +4 glaive (catching its breath)
You feel a surge of power!
The fireball explodes!
The fireball engulfs the naga!
The naga is moderately wounded.
The fireball engulfs the shock serpent!!!
The shock serpent is severely wounded.
The shock serpent's electric aura discharges violently, shocking you!
You die...

.. N.. ...###
......#####
......#...#
..........#
#.......#
##...@.##
###.))# .
#.))NS )..
####...####....
.........S.....
####.<.# #+#.#
.# ##


You could see a shock serpent and 2 nagas.

Vanquished Creatures
  2 hydras
  2 naga warriors (Snake:1)
  The ghost of gregwegmann the Cleaver, a novice MiBe of Trog (D:8)
  4 two-headed ogres
  A death knight (D:9)
  A naga sharpshooter (Snake:1)
  A skeletal warrior (D:8)
  A glowing orange brain (D:8)
  An orc knight (Bailey)
  2 oklob plants (Lair:1)
  The ghost of Jamsdnucbuo the Cudgeller, a novice DsAr of Nemelex Xobeh (D:6)
  A mana viper (Snake:1)
  5 ugly things (D:8)
  A salamander (Volcano)
  The ghost of noodleboyJ the Sneak, a novice KoCK of Xom (D:6)
  A guardian serpent (shapeshifter) (D:8)
  A black mamba (Lair:3)
  A guardian serpent (Snake:1)
  A naga mage (Snake:1)
  3 cane toads
  6 elephants
  An unseen horror (D:10)
  Psyche (D:10)
  8 komodo dragons
  A rime drake (Lair:1)
  A freezing wraith (D:8)
  A troll (D:10)
  A troll (shapeshifter) (D:8)
  4 blink frogs
  3 wraiths
  8 wyverns
  6 fire bats (Volcano)
  3 yaks (D:11)
  Eustachio (D:5)
  2 basilisks
  2 neqoxecs (D:8)
  A steam dragon (Volcano)
  A warg (shapeshifter) (D:8)
  2 nagas (Snake:1)
  An acid dragon (D:9)
  9 water moccasins
  3 black bears
  4 orc warriors
  2 ice beasts (D:6)
  A necrophage (D:7)
  5 ogres
  18 wolves
  5 centaurs
  A phantom (D:6)
  Blork the orc (D:5)
  2 kobold brigands
  13 bullfrogs
  A gnoll sergeant (D:5)
  4 scorpions
  2 water moccasin skeletons (D:5)
  2 wights (D:5)
  5 centaur zombies
  A crimson imp (D:9)
  A bullfrog zombie (D:7)
  A bullfrog skeleton (D:5)
  An orc priest (D:7)
  2 hounds
  Jessica (D:3)
  4 orc wizards
  6 hell rats (Lair:3)
  A killer bee zombie (D:8)
  A hound skeleton (D:5)
  6 adders
  A howler monkey skeleton (D:7)
  8 gnolls
  2 shadow imps
  An adder skeleton (D:4)
  2 worms
  3 dart slugs
  12 orcs
  10 ball pythons
  5 endoplasms
  A giant cockroach (D:2)
  5 goblins
  9 hobgoblins
  A jackal (D:3)
  31 kobolds
  2 quokkas (D:5)
  A bat (D:3)
  2 frilled lizards
  3 rats (D:1)
288 creatures vanquished.

Vanquished Creatures (collateral kills)
  A fire dragon (Volcano)
  2 salamanders (Volcano)
  A black mamba (Lair:1)
  A komodo dragon (Volcano)
  A wyvern (Volcano)
  2 fire bats (Volcano)
  A water moccasin (Lair:1)
  An ogre (Volcano)
  A necrophage (D:6)
  3 jackals (D:3)
14 creatures vanquished.

Vanquished Creatures (others)
  12 fungi
  95 plants
  5 withered plants (D:6)
112 creatures vanquished.

Grand Total: 414 creatures vanquished

Notes
Turn   | Place    | Note
-------+----------+-------------------------------------------
     0 | D:1      | pokeman the Deep Elf Hedge Wizard began the quest for the
                  | Orb.
     0 | D:1      | Reached XP level 1. HP: 10/10 MP: 7/7
   230 | D:1      | Reached XP level 2. HP: 15/15 MP: 5/9
   888 | D:1      | Upgraded the game from 0.28-a0-258-g8de209e91f to
                  | 0.28-a0-265-g048bc9fd10
   957 | D:1      | Reached skill level 5 in Spellcasting
  1029 | D:1      | Found Josk's Antique Weapon Shoppe.
  1386 | D:2      | Reached XP level 3. HP: 20/20 MP: 3/11
  1390 | D:2      | Learned a level 3 spell: Mephitic Cloud
  1393 | D:2      | Learned a level 2 spell: Call Imp
  1396 | D:2      | Learned a level 2 spell: Blink
  1400 | D:2      | Learned a level 3 spell: Conjure Flame
  1880 | D:2      | Found a faded altar of an unknown god.
  2347 | D:3      | Found a white marble altar of Elyvilon.
  2390 | D:3      | Found a broken altar of Ashenzari.
  2393 | D:3      | Found an ancient bone altar of Kikubaaqudgha.
  2395 | D:3      | Found a blossoming altar of Fedhas.
  2531 | D:3      | Reached skill level 1 in Armour
  2667 | D:3      | Reached skill level 1 in Fighting
  3306 | D:3      | Noticed Jessica
  3312 | D:3      | Killed Jessica
  3313 | D:3      | Reached XP level 4. HP: 25/25 MP: 5/13
  3754 | D:4      | Reached skill level 1 in Fire Magic
  3891 | D:4      | Reached skill level 6 in Spellcasting
  3993 | D:4      | Reached XP level 5. HP: 26/29 MP: 9/15
  4136 | D:4      | Reached skill level 1 in Air Magic
  4466 | D:4      | Reached XP level 6. HP: 34/34 MP: 1/17
  4792 | D:5      | Entered Level 5 of the Dungeon
  4838 | D:5      | Reached skill level 1 in Poison Magic
  4838 | D:5      | Reached skill level 1 in Evocations
  4840 | D:5      | Reached skill level 7 in Spellcasting
  5081 | D:5      | Reached XP level 7. HP: 34/38 MP: 15/20
  5307 | D:5      | Reached skill level 8 in Spellcasting
  5383 | D:5      | Found an opulent altar of Gozag.
  5608 | D:5      | Noticed Eustachio
  5631 | D:5      | Noticed Blork the orc
  5640 | D:5      | Killed Blork the orc
  5641 | D:5      | Killed Eustachio
  5642 | D:5      | Reached skill level 9 in Spellcasting
  5642 | D:5      | Reached XP level 8. HP: 43/45 MP: 6/23
  5889 | D:5      | Found a staircase to the Ecumenical Temple.
  5909 | Temple   | Entered the Ecumenical Temple
  6053 | Temple   | Became a worshipper of Vehumet
  6303 | D:6      | Reached skill level 5 in Conjurations
  6781 | D:6      | Reached skill level 10 in Spellcasting
  6997 | D:6      | Found a runed translucent gate.
  6997 | D:6      | Found a runed translucent gate.
  6997 | D:6      | Found a runed translucent gate.
  6997 | D:6      | Noticed noodleboyJ's ghost (novice KoCK)
  6998 | D:6      | Noticed Jamsdnucbuo's ghost (novice DsAr)
  7110 | D:7      | Reached skill level 1 in Shields
  7110 | D:7      | Reached skill level 1 in Necromancy
  7179 | D:7      | Learned a level 6 spell: Shadow Creatures
  7360 | D:7      | Found Aroaseck's Antique Weapon Shop.
  7476 | D:7      | Identified the ring of Ogyras {Will+ Str+3}
  7502 | D:7      | Reached XP level 9. HP: 50/50 MP: 17/25
  8177 | D:8      | Found a sparkling altar of Nemelex Xobeh.
  8181 | D:8      | Found an ornate altar of the Wu Jian Council.
  8229 | D:8      | Noticed a two-headed ogre
  8297 | D:8      | Reached * piety under Vehumet
  8297 | D:8      | Offered knowledge of Shock by Vehumet.
  8298 | D:8      | Killed a two-headed ogre
  8299 | D:8      | Reached skill level 11 in Spellcasting
  8301 | D:8      | Learned a level 1 spell: Shock
  8670 | D:8      | Found a runed translucent gate.
  8670 | D:8      | Found a runed translucent gate.
  8670 | D:8      | Found a runed translucent gate.
  8670 | D:8      | Noticed a cyan ugly thing
  8670 | D:8      | Noticed a purple ugly thing
  8671 | D:8      | Noticed a glowing orange brain
  8671 | D:8      | Noticed a green ugly thing
  8671 | D:8      | Noticed a red ugly thing
  8671 | D:8      | Noticed a cyan ugly thing
  9095 | D:9      | Noticed a two-headed ogre
  9123 | D:9      | Killed a two-headed ogre
  9124 | D:9      | Reached skill level 12 in Spellcasting
  9419 | D:9      | Noticed a boulder beetle
  9482 | D:9      | Noticed a death knight
  9507 | D:9      | Noticed a freezing wraith
  9512 | D:9      | Killed a death knight
  9513 | D:9      | Reached XP level 10. HP: 56/56 MP: 11/28
  9540 | D:9      | Noticed a skeletal warrior
  9586 | D:8      | HP: 2/56 [skeletal warrior[a death knight] (24)]
  9641 | D:8      | Killed a skeletal warrior
  9642 | D:8      | Reached skill level 5 in Summonings
 10350 | D:9      | Reached skill level 13 in Spellcasting
 11413 | D:9      | Found a shimmering altar of Xom.
 11413 | D:9      | Found a burning altar of Makhleb.
 12163 | D:10     | Entered Level 10 of the Dungeon
 12837 | D:10     | Noticed Psyche
 13025 | D:10     | Found a staircase to the Lair.
 13167 | D:10     | Killed Psyche
 13168 | D:10     | Reached skill level 14 in Spellcasting
 13168 | D:10     | Reached XP level 11. HP: 57/60 MP: 17/31
 13500 | D:11     | Found a flagged portal.
 13507 | Bailey   | Entered a bailey
 13809 | Bailey   | Noticed an orc knight
 13865 | Bailey   | Killed an orc knight
 13979 | Bailey   | Reached ** piety under Vehumet
 13979 | Bailey   | Offered knowledge of Freeze by Vehumet.
 14021 | Bailey   | Found an iron altar of Okawaru.
 14732 | Lair:1   | Entered Level 1 of the Lair of Beasts
 14788 | Lair:1   | Found a transporter.
 14793 | Lair:1   | Found a transporter.
 14795 | Lair:1   | Noticed Sekkong's ghost (journeyman MiBe)
 15044 | Lair:1   | Noticed an eight-headed hydra
 15060 | Lair:1   | Killed an eight-headed hydra
 15318 | Lair:1   | Noticed an oklob plant
 15318 | Lair:1   | Noticed an oklob plant
 15588 | Lair:1   | Identified 2 scrolls of acquirement
 16001 | Lair:1   | Acquired a book of the Spheres
 16009 | Lair:1   | Learned a level 5 spell: Fireball
 16017 | Lair:1   | Learned a level 7 spell: Orb of Destruction
 16021 | Lair:1   | Killed an oklob plant
 16022 | Lair:1   | Reached skill level 15 in Spellcasting
 16266 | Lair:1   | Killed an oklob plant
 16585 | D:6      | Killed noodleboyJ's ghost
 16585 | D:6      | Killed Jamsdnucbuo's ghost
 16870 | D:8      | Killed a cyan ugly thing
 16870 | D:8      | Killed a brown ugly thing
 16885 | D:8      | Killed a cyan ugly thing
 16887 | D:8      | Killed a cyan ugly thing
 16887 | D:8      | Killed a brown ugly thing
 16888 | D:8      | Killed a glowing orange brain
 16960 | D:8      | Found a runed translucent gate.
 16960 | D:8      | Found a runed translucent gate.
 16965 | D:8      | Found a runed translucent gate.
 16965 | D:8      | Noticed gregwegmann's ghost (novice MiBe)
 16979 | D:8      | Reached XP level 12. HP: 62/64 MP: 16/33
 17218 | D:8      | Killed gregwegmann's ghost
 17219 | D:8      | Reached skill level 16 in Spellcasting
 17676 | Lair:2   | Reached skill level 5 in Armour
 17676 | Lair:2   | Reached skill level 10 in Conjurations
 18150 | Lair:2   | Found a staircase to the Snake Pit.
 18348 | Lair:2   | Offered knowledge of Frozen Ramparts by Vehumet.
 18781 | Snake:1  | Entered Level 1 of the Snake Pit
 18781 | Snake:1  | Noticed a naga warrior
 18782 | Snake:1  | Noticed a naga warrior
 19227 | Lair:3   | Reached *** piety under Vehumet
 19237 | Lair:3   | Noticed a five-headed hydra
 19240 | Lair:3   | Killed a five-headed hydra
 19452 | Lair:3   | Reached skill level 17 in Spellcasting
 19749 | Lair:3   | Offered knowledge of Dazzling Flash by Vehumet.
 20357 | Lair:3   | Identified the +2 cloak of the Hall of Blades {Str+2
                  | Stlth+}
 20431 | Lair:3   | Acquired 1014 gold pieces
 20459 | Lair:4   | Noticed a catoblepas
 20518 | Lair:4   | Found a dark tunnel.
 20526 | Volcano  | Entered a volcano
 20688 | Volcano  | Noticed a two-headed ogre
 20693 | Volcano  | Killed a two-headed ogre
 20694 | Volcano  | Reached XP level 13. HP: 72/72 MP: 11/36
 20918 | Volcano  | Reached **** piety under Vehumet
 21218 | Volcano  | Noticed a fire dragon
 21230 | Volcano  | Killed a fire dragon
 21230 | Volcano  | Offered knowledge of Ignite Poison by Vehumet.
 21578 | Lair:4   | Reached skill level 5 in Fighting
 22067 | Snake:1  | HP: 1/72 [naga sharpshooter/bolt (17)]
 22068 | Snake:1  | Reached skill level 10 in Summonings
 22070 | Snake:1  | Reached skill level 18 in Spellcasting
 22076 | Snake:1  | Killed from afar by a shock serpent

Illustrated notes

Levels and vault maps discovered:
D:1:      dpeg_arrival_simpleton_b, layout_basic, serial_shops, shop_coins,
          kennysheep_pointless_box
D:2:      layout_loops_corners, chequers_ecumenical_altar_simple
D:3:      layout_basic, elyvilon_altar_5, grunt_temple_overflow_open,
          minmay_quadrilaterals, uniq_jessica
D:4:      wad_crossroads, layout_cave_pools
D:5:      layout_basic, kennysheep_mini, minmay_temple_entry_trees,
          sword_in_stone
D:6:      layout_rooms, gammafunk_ghost_cemetery, serial_bayou_crossing
D:7:      layout_gridville, serial_shops, nicolae_shop_window_shopping
D:8:      layout_rooms, mainiacjoe_overflow_catwalk_spiral,
          ploomutoo_gammafunk_ghost_potion_laboratory
D:9:      layout_stronghold, grunt_temple_overflow_champion_of_chaos
D:10:     layout_irregular_city, lair_entry_dummy, hex_large, uniq_psyche
D:11:     layout_cave_pools, enter_bailey_1
Temple:   nicolae_temple_figure_eight
Lair:1:   layout_loops_ring, gammafunk_ghost_hive, minmay_lair_oklob_chamber
Lair:2:   layout_chaotic_city, dummy_snake_entry
Lair:3:   layout_regular_city, beast_lair_carwin_7, grunt_megastairs_4
Lair:4:   layout_hall_layers, elwin_shoals_entry_rooms, enter_volcano_4,
          serial_bayou_lagoon_b, grunt_megastairs_3
Snake:1:  layout_misc_corridors, grunt_ministairs_15

Skill      XL: |  1  2  3  4  5  6  7  8  9 10 11 12 13 |
---------------+----------------------------------------+-----
Spellcasting   | 5 6 7 9 10 12 14 15 17 18 | 18.0
Armour         | 1 2 4 5 |  5.0
Fighting       | 1 2 3 4 5 |  5.2
Conjurations   | 2 3 4 5 7 8 9 10 11 | 11.3
Fire Magic     | 1 2 3 4 |  4.4
Dodging        | 3 |  3.0
Air Magic      | 1 |  1.0
Stealth        | 3 |  3.0
Poison Magic   | 1 |  1.1
Evocations     | 1 |  1.1
Shields        | 1 3 4 |  4.0
Necromancy     | 1 |  1.2
Summonings     | 4 6 8 9 10 | 10.1
Translocations | |  1.1

Action                   |  1- 3 |  4- 6 |  7- 9 | 10-12 | 13-15 || total
-------------------------+-------+-------+-------+-------+-------++-------
Melee: Short sword       |     5 |    16 |       |       |       ||    21
       Staff             |       |     7 |    32 |    45 |     1 ||    85
 Fire: Hand crossbow     |       |       |       |   112 |       ||   112
 Cast: Magic Dart        |   119 |    83 |   152 |    38 |    30 ||   422
       Call Imp          |     1 |       |     3 |    23 |       ||    27
       Mephitic Cloud    |       |     4 |    19 |    31 |     2 ||    56
       Conjure Flame     |       |     5 |    25 |    63 |       ||    93
       Shock             |       |       |    55 |   209 |    16 ||   280
       Blink             |       |       |     1 |    46 |     4 ||    51
       Fireball          |       |       |       |   112 |    26 ||   138
       Shadow Creatures  |       |       |       |     3 |     4 ||     7
Evoke: Wand              |       |       |       |    12 |     2 ||    14
  Use: Scroll            |       |       |       |    19 |       ||    19
       Potion            |       |       |       |       |     2 ||     2
 Stab: Confused          |       |     4 |     4 |       |     1 ||     9
Armor: Robe              |     2 |       |       |       |       ||     2
       Leather armour    |     4 |     3 |    10 |    10 |       ||    27
       Troll leather arm |       |       |       |    12 |     7 ||    19
Dodge: Dodged            |    22 |    17 |    41 |   130 |    23 ||   233
Block: Buckler           |       |       |       |    16 |    13 ||    29

Table legend: (Time is in decaauts)
 A = Elapsed time spent in this place.
 B = Non-inter-level travel time spent in this place.
 C = Inter-level travel time spent in this place.
 D = Time resting spent in this place.
 E = Time spent auto-exploring this place.
 F = Levels seen in this place.
 G = Mean time per level.
                   A        B        C        D        E       F      G
               +--------+--------+--------+--------+--------+-----+--------+
         Total |  22165 |  20243 |   1922 |   2125 |  14265 |  19 | 1166.6 |
       Dungeon |  15369 |  13860 |   1509 |    961 |  10359 |  11 | 1397.2 |
        Temple |    337 |    320 |     17 |    100 |    140 |   1 |  337.0 |
          Lair |   4849 |   4453 |    396 |    948 |   2890 |   4 | 1212.2 |
     Snake Pit |     20 |     20 |      0 |      0 |      0 |   1 |   20.0 |
        Bailey |    554 |    554 |      0 |     25 |    279 |   1 |  554.0 |
       Volcano |   1034 |   1034 |      0 |     91 |    597 |   1 | 1034.0 |
               +--------+--------+--------+--------+--------+-----+--------+

Top non-repeatable levels by time:
     D:8: 2562 daAuts
     D:9: 2546 daAuts
  Lair:2: 1810 daAuts
  Lair:1: 1741 daAuts
    D:10: 1623 daAuts
     D:3: 1314 daAuts
     D:6: 1309 daAuts
     D:5: 1246 daAuts
     D:1: 1246 daAuts
  Lair:3: 1207 daAuts
     D:4: 1130 daAuts
     D:7: 1100 daAuts
     D:2: 1099 daAuts
 Volcano: 1034 daAuts
  Bailey: 554 daAuts
